AoeStats
← ✚ Quentin [BOT]

Nomad

509961338Analyzed
2v2 RM · 2d ago on Sep 28, 2026· 20m 36s· 4 players
Game mode
Random Map
Map size
176×176
Population
200
Speed
Normal
Resources
Standard
Victory
Conquest
Starting age
Dark Age
Ending age
Imperial Age
RankedLock teamsTeams togetherTeam positionsShared explorationLock speedFull tech treeHidden civsTurbo modeCheats
Victory
Defeat
🇦🇷 Wu · Argentina
1253
+13
🇦🇷 Huns · Argentina
1253
+13
🇬🇧 Persians · United Kingdom
1211
-13
🇦🇹 Goths · Austria
1181
-13
Bubbs
7:14 Loom
✚ Quentin [BOT]
4:31 Loom
13:49 Feudal Age
18:21 Castle Age
17:08 Horse Collar
17:21 Gold Mining
17:26 Man-at-Arms
18:52 Long Swordsman
19:33 Squires
[TLGA] - Wendy Sulka
4:37 Loom
13:03 Feudal Age
13:34 Double-Bit Axe
13:56 Town Watch
15:22 Fishing Lines
16:05 Forging
21:11 Castle Age
19:16 Gold Mining
20:08 Scale Barding Armor
[TLGA] - La Tigresa del Oriente
4:23 Loom
Connection lost

Rejoining the realm…

Still unreachable

The connection could not be restored.

Session expired

The server has moved on; the page needs a fresh start.